 Dungeon Crawl Stone Soup version 0.27.1-2-g3b301248ec (webtiles) character file.

Game seed: 7016057917126436132

109 Descartes the Covert (level 4, 0/21 HPs)
             Began as a Felid Delver on Oct 2, 2021.
             Slain by a centaur skeleton (1 damage)
             ... on level 4 of the Dungeon.
             The game lasted 00:08:07 (4438 turns).

Descartes the Covert (Felid Delver)                 Turns: 4438, Time: 00:08:08

Health: 0/21       AC:  1    Str:  9    XL:     4   Next: 60%
Magic:  5/5        EV: 18    Int: 12    God:
Gold:   181        SH:  0    Dex: 17    Spells: 2/3 levels left
                                        Lives:  0   Deaths: 1

rFire    . . .     SeeInvis +     - Unarmed
rCold    . . .     Faith    .   (shield unavailable)
rNeg     . . .     Spirit   .   (armour unavailable)
rPois    .         Reflect  .   (helmet unavailable)
rElec    .         Harm     .   (cloak unavailable)
rCorr    .         Rampage  .   (gloves unavailable)
Will     .....                  (boots unavailable)
Stlth    ++++......             (no amulet)
HPRegen  0.07/turn              (no ring)
MPRegen  0.09/turn              (no ring)

@: appendages (expiring), quick
A: horns 2, very small, claws 1, fangs 3, see invisible, speed 1, shaggy fur 1,
stealthy paws, no weapons or thrown items, no armour, multi-lived
a: End Transformation


You were on level 4 of the Dungeon.
You had temporarily grown beastly horns.
You visited 1 branch of the dungeon, and saw 5 of its levels.

You collected 181 gold pieces.

Inventory:

Wands
 e - a wand of digging (3)
 l - a wand of polymorph (5)
 m - a wand of iceblast (10)
Scrolls
 a - 2 scrolls of fog
 b - a scroll of magic mapping
 c - a scroll of fear
 f - a scroll of noise {unknown}
 g - a scroll of amnesia {unknown}
 h - 3 scrolls of identify {unknown}
 i - 2 scrolls of immolation {unknown}
 k - a scroll of teleportation {unknown}
 o - 2 scrolls of summoning {unknown}
 p - 2 scrolls of enchant weapon {unknown}
Potions
 d - 2 potions of haste
 j - 2 potions of curing {unknown}
 n - a potion of cancellation {unknown}


   Skills:
 - Level 3.0 Fighting
 + Level 3.9 Dodging
 + Level 8.8 Stealth
 + Level 3.0 Unarmed Combat
 + Level 2.1 Transmutations


You had 2 spell levels left.
You knew the following spells:

 Your Spells              Type           Power      Damage    Failure   Level
a - Beastly Appendage     Tmut           10%        N/A       14%         1

Your spell library contained the following spells:

 Spells                   Type           Power      Damage    Failure   Level
 Wereblood                Tmut           5%         N/A       22%         2
 Spider Form              Tmut/Pois      1%         N/A       54%         3


Dungeon Overview and Level Annotations

Branches:
Dungeon (5/15)
 Temple: D:4-7

Altars:

Shops:
D:2 *   D:4 ?


Innate Abilities, Weirdness & Mutations

You have temporarily grown beastly horns.
You have sharp claws.
You have razor-sharp teeth.
You have supernaturally acute eyesight. (SInv)
You cover ground quickly. (Speed+)
You are covered in fur. (AC +1)
Your paws help you pounce on unaware monsters.
You are incapable of wielding weapons or throwing items.
You cannot wear armour.
You gain extra lives every three experience levels.


Message History

An orc comes into view. It is wielding a +0 hand axe.
An orc is nearby!
Casting: Beastly Appendage (safe; 14% risk of failure)
Confirm with . or Enter, or press ? or * to list all spells.
You grow a pair of large bovine horns.
An orc is nearby!
An orc is nearby!
Your transformation is almost over.
An endoplasm comes into view.
The endoplasm quivers. 2 orcs come into view.
The orc shouts! x3
You scratch the orc but do no damage. You headbutt the orc, but do no damage.
The orc barely misses you.
You scratch the orc but do no damage. You headbutt the orc.
The orc is lightly wounded.
The orc completely misses you. The orc closely misses you.
You scratch the orc but do no damage. You headbutt the orc, but do no damage.
The orc is lightly wounded.
The orc barely misses you.
The orc hits you from afar with a +0 trident.
You barely miss the orc. You bite the orc, but do no damage.
The orc is lightly wounded.
The orc hits you with a +0 hand axe. The endoplasm freezes you.
You are frozen.
The orc completely misses you.
You scratch the orc but do no damage.
The orc is lightly wounded.
A centaur skeleton comes into view.
The orc hits you with a +0 hand axe. The endoplasm barely misses you.
The orc barely misses you.
You scratch the orc but do no damage.
The orc is lightly wounded.
The centaur skeleton closely misses you.
The centaur skeleton barely misses you. The endoplasm hits you.
The orc misses you.
The orc hits you from afar with a +0 trident!
* * * LOW HITPOINT WARNING * * *
The centaur skeleton misses you. The centaur skeleton kicks you.
You die...

....#.###.#.#.###.##
#..... #...#... ##.
#..###.######..
...###.....# .. ..#
#..#..#..##.## ##
#....$.......##
#.#............
#..#....##..##
##..#@#.# ..#
#.#.ZoJ..# .#
##..#o#......
#....o....#.. ..#.
...##...# .. ####..#
##.# # #..# .# ....


You could see 3 orcs, an endoplasm and a centaur skeleton.

Vanquished Creatures
  A hound (D:4)
  Natasha (thrice) (D:2)
  Robin (D:2)
  2 adders
  An ufetubus (D:4)
  A worm (D:2)
  2 orcs
  5 endoplasms
  4 giant cockroaches
  18 goblins
  5 hobgoblins
  2 jackals (D:3)
  5 kobolds
  3 quokkas
  6 ball pythons
  4 bats
  6 frilled lizards
  5 rats
74 creatures vanquished.

Notes
Turn   | Place    | Note
-------+----------+-------------------------------------------
     0 | D:5      | Descartes the Felid Delver began the quest for the Orb.
     0 | D:5      | Reached XP level 1. HP: 10/10 MP: 2/2
    73 | D:4      | Noticed an ogre
    73 | D:4      | Noticed a hound
    74 | D:4      | Noticed a gnoll shaman
    76 | D:4      | Killed a hound
    77 | D:4      | Reached skill level 7 in Stealth
    77 | D:4      | Reached XP level 2. HP: 11/14 MP: 3/3
    77 | D:4      | Reached XP level 3. HP: 13/17 MP: 4/4
   177 | D:2      | Reached skill level 8 in Stealth
   358 | D:1      | Found a faded altar of an unknown god.
   624 | D:1      | You fall into a shaft and drop 1 floor!
   641 | D:2      | Learned a level 1 spell: Beastly Appendage
   680 | D:2      | Found Dataufan's General Store.
  1914 | D:2      | Noticed Natasha
  1920 | D:2      | Killed Natasha
  1921 | D:2      | Reached skill level 1 in Transmutations
  1921 | D:2      | Reached XP level 4. HP: 21/21 MP: 3/5
  2178 | D:2      | Noticed Natasha
  2189 | D:2      | Killed Natasha
  2544 | D:3      | Reached XP level 5. HP: 24/24 MP: 4/6
  2799 | D:3      | Noticed Robin
  2993 | D:2      | Noticed Natasha
  3003 | D:2      | Killed Natasha
  3501 | D:2      | Killed Robin
  4340 | D:4      | Found Pumaenumi's Magic Scroll Emporium.
  4391 | D:4      | Mangled by an ogre
  4392 | D:4      | Reached XP level 4. HP: -6/21 MP: 5/5
  4438 | D:4      | HP: 1/21 [orc (9)]
  4438 | D:4      | Slain by a centaur skeleton

Illustrated notes

Levels and vault maps discovered:
D:1:      dpeg_arrival_tiny_a, layout_loops_cross,
          ebering_ecumenical_altar_petrified
D:2:      layout_rooms, serial_shops, nicolae_shop_competitors_out_of_business,
          uniq_natasha
D:3:      layout_loops_cross, hex_large, uniq_robin
D:4:      layout_loops_ring, minmay_temple_entry_junction, serial_shops,
          nicolae_shop_stone, gammafunk_ghost_abyssal_escape
D:5:      layout_basic, serial_shops, shop, grunt_ministairs_13

Skill      XL: |  1  2  3  4  5 |
---------------+----------------+-----
Stealth        | 7 8 |  8.8
Dodging        | 3 |  3.9
Transmutations | 1 2 |  2.1
Unarmed Combat | 3 |  3.0
Fighting       | |  3.0

Action                   |  1- 3 |  4- 6 || total
-------------------------+-------+-------++-------
Melee: Unarmed           |    60 |   112 ||   172
       Bite              |     4 |    15 ||    19
       Headbutt          |     2 |    14 ||    16
       Punch             |     1 |       ||     1
 Cast: Beastly Appendage |     7 |    37 ||    44
 Stab: Sleeping          |    18 |    13 ||    31
Armor: Skin              |     4 |     4 ||     8
Dodge: Dodged            |    37 |    85 ||   122
